 Dungeon Crawl Stone Soup version 0.31.0-32-g396128a36d (webtiles) character file.

Game seed: 17810424156099767177

87507 PaiMei the Lord of Darkness (level 15, -2/98 HPs)
             Began as a Demonspawn Necromancer on Apr 12, 2024.
             Was the Champion of Kikubaaqudgha.
             Killed from afar by a raiju (15 damage)
             ... with a living lightning
             ... on level 4 of the Abyss.
             The game lasted 01:00:16 (41477 turns).

PaiMei the Lord of Darkness (DsNe)                 Turns: 41477, Time: 01:00:16

Health: -2/98      AC: 18    Str: 13    XL:     15   Next: 43%
Magic:  26/32      EV: 13    Int: 28    God:    Kikubaaqudgha [******]
Gold:   1736       SH: 11    Dex: 20    Spells: 19/40 levels left

rFire   . . .        I - +9 short sword of Taubofug {freeze, Str+5 Int+6 Dex-3}
rCold   x x .        f - +0 kite shield
rNeg    . . .        Z - +5 scale mail of Beogh's Felicitations {Dex+2}
rPois   .            T - +1 hat {Stlth+}
rElec   .            B - +1 cloak {rCorr}
rCorr   +            A - +0 pair of gloves
SInv    +            (no boots)
Will    +....        j - amulet of the acrobat
Stlth   ++           w - ring of see invisible
HPRegen 0.36/turn    a - +6 ring of dexterity
MPRegen 0.23/turn

%: random rage (9%), acrobat
@: on berserk cooldown, slowed, very slow
A: antennae 1, yellow scales 2, demonic guardian 3, demonic magic 3, [berserk
2], [frail 2], [cold vulnerability 2], [subdued magic 2], [inability to drink
after injury 2], [persistent drain]
a: Renounce Religion, Unearth Wretches, Torment, Brand Weapon With Pain, Receive
Forbidden Knowledge


You were on level 4 of the Abyss.
You worshipped Kikubaaqudgha.
Kikubaaqudgha was exalted by your worship.
You visited 3 branches of the dungeon, and saw 21 of its levels.
You visited the Abyss 1 time.

You collected 2044 gold pieces.
You spent 308 gold pieces at shops.

Inventory:

Hand Weapons
 I - the +9 short sword of Taubofug (weapon) {freeze, Str+5 Int+6 Dex-3}
   (You bought it in a shop on level 8 of the Dungeon)

   Str+5:     It affects your strength (+5).
   Int+6:     It affects your intelligence (+6).
   Dex-3:     It affects your dexterity (-3).
Missiles
 v - 6 throwing nets
 y - 7 atropa-tipped darts (quivered)
Armour
 c - a +2 leather armour of poison resistance
 f - a +0 kite shield (worn)
 A - a +0 pair of gloves (worn)
 B - a +1 cloak of preservation (worn)
 T - a +1 hat of stealth (worn)
 Z - the +5 scale mail of Beogh's Felicitations (worn) {Dex+2}
   (You found it on level 14 of the Dungeon)

   Dex+2:     It affects your dexterity (+2).
Magical Staves
 X - a staff of death
Jewellery
 a - a +6 ring of dexterity (right hand)
 e - a ring of protection from cold
 j - an amulet of the acrobat (around neck)
 l - a ring of ice
 s - a ring of poison resistance
 w - a ring of see invisible (left hand)
 F - a ring of flight
 P - an amulet of magic regeneration
 R - a ring of fire
 V - a ring of positive energy
Wands
 q - a wand of charming (19)
 C - a wand of iceblast (2)
 H - a wand of flame (7)
 J - a wand of mindburst (10)
 K - a wand of quicksilver (12)
Scrolls
 d - 3 scrolls of enchant weapon
 g - 5 scrolls of fear
 k - 7 scrolls of revelation
 m - 3 scrolls of fog
 n - 8 scrolls of teleportation
 o - 3 scrolls of enchant armour
 p - 6 scrolls of amnesia
 x - a scroll of torment
 D - 2 scrolls of immolation
 E - a scroll of noise
 G - 7 scrolls of vulnerability
 M - 3 scrolls of poison
 O - 3 scrolls of brand weapon
 W - 2 scrolls of blinking
Potions
 b - a potion of magic
 h - 8 potions of heal wounds
 i - 7 potions of curing
 r - 5 potions of attraction
 t - 2 potions of haste
 u - 2 potions of resistance
 z - a potion of berserk rage
 N - 4 potions of brilliance
 Q - a potion of cancellation
 S - 6 potions of lignification
Miscellaneous
 U - a lightning rod (4/4)
 Y - a phial of floods


   Skills:
 - Level 13.0 Fighting
 + Level 4.9 Short Blades
 - Level 11.0 Dodging
 - Level 2.0 Stealth
 + Level 7.4 Shields
 + Level 13.2 Spellcasting
 + Level 15.9 Necromancy


You had 19 spell levels left.
You knew the following spells:

 Your Spells              Type           Power      Damage    Failure   Level
a - Necrotise             Necr           100%       1d9       0%          1
b - Vampiric Draining     Necr           61%        2d10      1%          3
c - Animate Dead          Necr           61%        N/A       1%          4
d - Curse of Agony        Necr           61%        N/A       1%          5
e - Anguish               Hex/Necr       19%        N/A       11%         4
f - Martyr's Knell        Necr/Summ      39%        N/A       11%         4

Your spell library contained the following spells:

 Spells                   Type           Power      Damage    Failure   Level
 Kiss of Death            Conj/Necr      100%       2d13      1%          1
 Sublimation of Blood     Necr           61%        N/A       1%          2
 Fugue of the Fallen      Necr           61%        N/A       1%          3
 Cigotuvi's Dreadful Rot  Necr/Alch/Air  60%        N/A       4%          2
 Death Channel            Necr           30%        N/A       5%          6
 Freeze                   Ice            44%        1d6       30%         1
 Summon Small Mammal      Summ           44%        N/A       30%         1
 Call Canine Familiar     Summ           11%        N/A       69%         3
 Dazzling Flash           Conj/Hex       22%        N/A       69%         3
 Frozen Ramparts          Ice            22%        1d4       69%         3
 Hailstorm                Conj/Ice       11%        3d6       69%         3
 Inner Flame              Hex/Fire       11%        N/A       69%         3
 Mephitic Cloud           Conj/Alch/Air  11%        N/A       69%         3
 Stone Arrow              Conj/Erth      22%        3d8       69%         3
 Tukima's Dance           Hex            11%        N/A       69%         3
 Animate Armour           Summ/Erth      22%        N/A       98%         4
 Ignite Poison            Fire/Alch      11%        N/A       98%         4
 Manifold Assault         Tloc           11%        N/A       98%         4
 Passage of Golubria      Tloc           11%        N/A       98%         4
 Sticky Flame             Fire/Alch      11%        2d5       98%         4
 Summon Blazeheart Golem  Fire/Summ      11%        N/A       98%         4
 Irradiate                Conj/Alch      5%         3d13      100%        5
 Silence                  Hex/Air        5%         N/A       100%        5
 Yara's Violent Unravell  Hex/Alch       5%         3d4       100%        5
 Dispersal                Tloc           5%         N/A       100%        6
 Disjunction              Tloc           5%         N/A       100%        8
 Ignition                 Fire           5%         3d4       100%        8
 Lehudib's Crystal Spear  Conj/Erth      5%         10d3      100%        8
 Shatter                  Erth           5%         3d8*      100%        9


Dungeon Overview and Level Annotations

Branches:
Dungeon (15/15)            Temple (1/1) D:7            Lair (5/5) D:10
  Swamp (0/4) Lair:3       Spider (0/4) Lair:2        Slime (0/5) Lair:5
    Orc (0/2) D:12
 Vaults: D:13-14     Depths: D:15

Altars:
Ashenzari
Cheibriados
Dithmenos
Fedhas
Gozag
Hepliaklqana
Kikubaaqudgha
Makhleb
Nemelex Xobeh
Okawaru
Qazlal
Ru
Sif Muna
Trog
Uskayaw
Vehumet
Wu Jian
Xom
Yredelemnul
Jiyva

Shops:
D:8 (   D:11 [   D:13 ?

Annotations:
D:2 Sigmund
D:3 3 runed translucent doors, Consumeair16's ghost, amateur GnCK
D:6 Menkaure
D:9 2 transporters, flammie80's ghost, novice FoMo
D:11 3 runed translucent doors, Consumeair16's ghost, journeyman GnCA
D:13 Kirke; Rupert


Innate Abilities, Weirdness & Mutations

You have a pair of small antennae on your head.
You are mostly covered in yellow scales. (AC +3)
A powerful demonic guardian rushes to your aid.
Spells you cast and wands you use may paralyse nearby enemies.
[You have an uncontrollable temper.]
[You are very frail. (-20% HP)]
[You are very vulnerable to cold. (rC--)]
[Your spells are easier to cast, but less powerful.]
[You sometimes lose the ability to drink potions when taking damage.]
[Your health recovers twice as slowly from being drained.]


Message History

Okay, then.
A raiju and a starspawn tentacle come into view.
The raiju barks!
You hear a bark! x2
Unknown command.
Blink to where?
Press: ? - help, Dir - move target A raiju comes into view.
As you read the scroll of blinking, it crumbles to dust.
The raiju bursts into living lightning!
The living lightning misses you.
The raiju blinks!
You block the raiju's attack. The raiju bites you but does no damage.
Casting: Vampiric Draining (safe; 1% risk of failure)
Confirm with . or Enter, or press ? or * to list all spells.
Aiming: Vampiric Draining (safe; 1% risk of failure)
Press: ? - help, Shift-Dir - straight line, f - raiju
Aim: a raiju You draw life force from the raiju!
You feel life coursing into your body! Malevolent energies surge around you.
The raiju bursts into living lightning!
The living lightning hits you but does no damage.
The raiju blinks!
You block the raiju's attack.
Casting: Vampiric Draining (safe; 1% risk of failure)
Confirm with . or Enter, or press ? or * to list all spells.
Aiming: Vampiric Draining (safe; 1% risk of failure)
Press: ? - help, Shift-Dir - straight line, f/p - raiju
Aim: a raiju (heavily wounded)
You draw life force from the raiju!
You feel life coursing into your body. Malevolent energies surge around you.
The raiju suddenly stops moving!
The raiju is no longer paralysed.
The raiju bursts into living lightning!
The living lightning hits you!!
* * * LOW HITPOINT WARNING * * *
A demonic guardian appears!
The living lightning misses your balrug.
The raiju blinks! x2
The raiju bursts into living lightning!
The living lightning hits you!
You die...
Kikubaaqudgha rasps: "You have failed me!
Welcome... death!"

# #. . ## ##. ..
##2# .##. #hh#
.... # ###@#..# #
#. #.#§§.#
#.##..##.X##......
#.#......h###
.....#
.#..####.#.# .....
# .#####.# ..
..... #
##...─.h..# ##....
#.#.#.#X.#..##
#...# #
#..#..h...### .. #


You could see a tentacled starspawn, 2 raiju and a friendly balrug (summoned).

Vanquished Creatures
  Gastronok (Lair:1)
  A black draconian (Abyss:2)
  Snorg (D:11)
  An ettin (D:14)
  A hydra (D:14)
  A boulder beetle (D:15)
  8 centaur warriors
  6 two-headed ogres
  5 death yaks
  A thrashing horror (Abyss:2)
  A skyshark (Lair:5)
  2 spriggan druids (Lair:3)
  A sea snake (Lair:5)
  2 large abominations (Abyss:4)
  2 deep elf pyromancers
  A necromancer (D:15)
  A harpy (Lair:5)
  9 ugly things
  3 manticores
  A faun (shapeshifter) (D:14)
  14 elephants
  A meliai (D:14)
  2 cyclopes (D:14)
  2 black mambas
  A centaur skeleton (D:13)
  A smoke demon (Abyss:4)
  Maggie (D:6)
  6 cane toads
  A yaktaur (D:13)
  2 rime drakes
  2 unseen horrors
  A rime drake (shapeshifter) (D:15)
  A tengu conjurer (D:14)
  2 ancient zymes (Abyss:2)
  7 komodo dragons
  6 trolls
  A hornet (Lair:5)
  7 polar bears
  10 blink frogs
  11 dream sheep
  2 raiju (Abyss:2)
  3 slime creatures
  4 shadows
  Eustachio (D:5)
  3 wyverns
  35 yaks
  A vampire (D:11)
  A wraith (D:12)
  Grum (D:9)
  2 vampire mosquitoes (D:14)
  2 steam dragons
  Edmund (D:6)
  2 acid dragons (D:10)
  Duvessa (D:5)
  5 water moccasins
  4 ice beasts
  A sky beast (D:7)
  12 orc warriors
  4 ogres
  A black bear (D:6)
  21 wolves
  9 centaurs
  A lemure (D:5)
  2 kobold brigands
  A brain worm (Abyss:3)
  8 bullfrogs
  3 gnoll sergeants (D:8)
  2 scorpions
  A wight (D:8)
  Dowan (D:5)
  14 killer bees
  4 electric eels (D:6)
  6 howler monkeys
  A bombardier beetle (D:7)
  9 orc priests
  2 gnoll boudas
  2 jellies
  4 hounds
  Crazy Yiuf (D:5)
  A sleepcap (D:8)
  Terence (D:3)
  2 iguanas (D:6)
  Natasha (D:2)
  17 orc wizards
  Robin (D:4)
  31 gnolls
  6 adders
  7 ufetubi
  2 dart slugs
  2 ribbon worms
  33 orcs
  4 ball pythons
  5 bats
  10 endoplasms
  2 giant cockroaches
  33 goblins
  36 hobgoblins
  A jackal (D:8)
  19 kobolds
  3 quokkas
  3 frilled lizards
  4 rats
530 creatures vanquished.

Vanquished Creatures (collateral kills)
  2 hydras
  A two-headed ogre (D:13)
  4 centaur warriors
  A merfolk avatar (Lair:5)
  2 death yaks (Lair:5)
  3 skysharks
  A harpy (Lair:5)
  3 ugly things (D:14)
  A manticore (D:14)
  11 elephants
  A black mamba (Lair:5)
  2 slime creatures
  A gargoyle (D:10)
  A torpor snail (Lair:5)
  A centaur skeleton (D:13)
  4 cane toads
  3 komodo dragons
  4 rime drakes
  A kobold demonologist (D:12)
  A freezing wraith (D:14)
  A polar bear (Lair:1)
  2 wind drakes (Lair:5)
  A polar bear (shapeshifter) (D:14)
  A wolf spider simulacrum (D:14)
  3 blink frogs (Lair:5)
  A hornet (Lair:3)
  A dream sheep (Lair:5)
  A centaur simulacrum (D:14)
  A wraith (D:12)
  15 yaks
  2 wyverns
  A basilisk (D:12)
  3 steam dragons
  5 water moccasins
  A wolf (Lair:4)
  6 centaurs
  2 kobold brigands
  5 bullfrogs
  A gnoll sergeant (D:7)
  3 killer bees (D:10)
  2 orc priests (D:13)
  2 gnolls
  2 orcs
  A bat (D:3)
  A hobgoblin (D:6)
  7 kobolds
  2 ball pythons
  3 goblins
  2 butterflies (Lair:3)
126 creatures vanquished.

Vanquished Creatures (others)
  An ogre mage (D:13)
  A hydra zombie (D:14)
  A meliai zombie (D:14)
  3 two-headed ogre zombies
  A skyshark zombie (Lair:5)
  2 elephant zombies (Lair:5)
  6 blink frog zombies
  2 manticore zombies (D:14)
  A torpor snail zombie (Lair:5)
  A rime drake zombie (D:15)
  A komodo dragon zombie (Lair:5)
  A cyclops zombie (D:14)
  A water moccasin zombie (Lair:5)
  7 yak zombies
  3 troll zombies
  6 centaur zombies
  A bullfrog zombie (Lair:3)
  A basilisk zombie (D:12)
  A hobgoblin (D:4)
  2 kobold zombies
  4 orc zombies
  4 starspawn tentacles
51 creatures vanquished.

Grand Total: 707 creatures vanquished

Notes
Turn   | Place    | Note
-------+----------+-------------------------------------------
     0 | D:1      | PaiMei the Demonspawn Necromancer began the quest for the
                  | Orb.
     0 | D:1      | Reached XP level 1. HP: 13/13 MP: 3/3
   164 | D:1      | Gained mutation: You are partially covered in yellow
                  | scales. (AC +2) [demonic ancestry]
   164 | D:1      | Reached XP level 2. HP: 19/19 MP: 3/5
   900 | D:2      | Found a faded altar of an unknown god.
   903 | D:2      | Reached XP level 3. HP: 25/25 MP: 4/6
  1077 | D:2      | Learned a level 3 spell: Vampiric Draining
  1316 | D:2      | Reached skill level 1 in Fighting
  1683 | D:2      | Noticed Sigmund
  2107 | D:2      | Noticed Natasha
  2110 | D:2      | Killed Natasha
  2111 | D:2      | Gained mutation: You have a pair of small antennae on your
                  | head. [demonic ancestry]
  2111 | D:2      | Reached XP level 4. HP: 32/32 MP: 3/8
  2876 | D:3      | Noticed Terence
  2881 | D:3      | Killed Terence
  2882 | D:3      | Reached skill level 5 in Necromancy
  2882 | D:3      | Found a runed translucent gate.
  2882 | D:3      | Found a runed translucent gate.
  2882 | D:3      | Found a runed translucent gate.
  3136 | D:3      | Noticed Consumeair16's ghost (amateur GnCK)
  3832 | D:4      | Found a snail-covered altar of Cheibriados.
  4113 | D:4      | Gained mutation: Spells you cast may paralyse adjacent
                  | enemies. [demonic ancestry]
  4113 | D:4      | Reached XP level 5. HP: 37/38 MP: 5/9
  4503 | D:4      | Found an opulent altar of Gozag.
  4654 | D:4      | Identified the +7 chain mail of Pamudept {+Inv rF+ Dex+3}
  4729 | D:4      | Found a basalt altar of Yredelemnul.
  4968 | D:4      | Identified the +2 leather armour "Xub Julavugg" {Harm
                  | Str+4}
  5004 | D:4      | Noticed Robin
  5109 | D:4      | Reached XP level 6. HP: 46/46 MP: 0/11
  5288 | D:4      | Killed Robin
  5351 | D:4      | Found a hide-covered altar of Uskayaw.
  5564 | D:4      | Noticed an orc warrior
  5614 | D:4      | Killed an orc warrior
  6123 | D:5      | Entered Level 5 of the Dungeon
  6163 | D:5      | Found a broken altar of Ashenzari.
  6266 | D:5      | Noticed Eustachio
  6276 | D:5      | Noticed Dowan
  6280 | D:5      | Reached skill level 6 in Necromancy
  6280 | D:5      | Gained mutation: Spells you cast may paralyse nearby
                  | enemies. [demonic ancestry]
  6280 | D:5      | Reached XP level 7. HP: 52/52 MP: 2/12
  6320 | D:5      | Found a shimmering altar of Xom.
  6369 | D:5      | Found a stormy altar of Qazlal.
  6410 | D:5      | Found a runed translucent door.
  6411 | D:5      | Noticed Crazy Yiuf
  6438 | D:5      | Found a shimmering altar of Xom.
  6438 | D:5      | Found a shimmering altar of Xom.
  6441 | D:5      | Found a shimmering altar of Xom.
  6441 | D:5      | Found a shimmering altar of Xom.
  6441 | D:5      | Found a shimmering altar of Xom.
  6446 | D:5      | Found a shimmering altar of Xom.
  7187 | D:5      | Killed Eustachio
  7457 | D:5      | Noticed Duvessa
  7525 | D:5      | Killed Duvessa
  7534 | D:5      | Killed Dowan
  7935 | D:5      | Killed Crazy Yiuf
  8158 | D:6      | Gained mutation: A weak demonic guardian rushes to your
                  | aid. [demonic ancestry]
  8158 | D:6      | Reached XP level 8. HP: 55/60 MP: 10/15
  8219 | D:6      | Noticed Menkaure
  8313 | D:6      | Noticed Maggie
  8327 | D:6      | Killed Maggie
  8328 | D:6      | Reached skill level 5 in Dodging
  8328 | D:6      | Reached skill level 5 in Spellcasting
  8328 | D:6      | Reached skill level 7 in Necromancy
  8642 | D:6      | Reached skill level 5 in Fighting
  9008 | D:6      | Noticed Edmund
  9095 | D:6      | Killed Edmund
  9329 | D:6      | Gained mutation: A demonic guardian rushes to your aid.
                  | [demonic ancestry]
  9329 | D:6      | Reached XP level 9. HP: 68/68 MP: 10/17
 11019 | D:6      | Reached skill level 8 in Necromancy
 11307 | D:6      | Noticed a two-headed ogre
 11332 | D:6      | Killed a two-headed ogre
 12225 | D:7      | Found a staircase to the Ecumenical Temple.
 12240 | Temple   | Entered the Ecumenical Temple
 12251 | Temple   | Became a worshipper of Kikubaaqudgha
 13200 | D:7      | Reached skill level 9 in Necromancy
 13694 | D:8      | Reached * piety under Kikubaaqudgha
 13694 | D:8      | Received a gift from Kikubaaqudgha
 13726 | D:7      | Gained mutation: A powerful demonic guardian rushes to your
                  | aid. [demonic ancestry]
 13726 | D:7      | Reached XP level 10. HP: 67/79 MP: 8/20
 15419 | D:8      | Reached ** piety under Kikubaaqudgha
 15569 | D:8      | Found Pygockusk's Antique Weapon Shop.
 15573 | D:8      | Bought an encrusted short sword for 200 gold pieces
 15573 | D:8      | Identified the +9 short sword of Taubofug {freeze, Str+5
                  | Int+6 Dex-3} (You bought it in a shop on level 8 of the
                  | Dungeon)
 15777 | D:8      | Reached skill level 10 in Necromancy
 15914 | D:6      | Found a sparkling altar of Nemelex Xobeh.
 16104 | D:8      | Learned a level 4 spell: Animate Dead
 16110 | D:8      | Learned a level 5 spell: Curse of Agony
 16131 | D:9      | Found a transporter.
 16133 | D:9      | Noticed a two-headed ogre
 16136 | D:9      | Noticed flammie80's ghost (novice FoMo)
 16140 | D:9      | a yaktaur changed into a meliai
 16140 | D:9      | Noticed a meliai (shapeshifter)
 16154 | D:9      | a meliai changed into a raiju
 16198 | D:9      | Found a transporter.
 16201 | D:9      | a yaktaur changed into a manticore
 16201 | D:9      | Noticed a manticore (shapeshifter)
 16203 | D:9      | a manticore changed into a cane toad
 16203 | D:9      | Noticed a cane toad (shapeshifter)
 16326 | D:9      | Identified the +0 cloak of the Onion {rF+ rN+ Slay-3}
 16585 | D:9      | Noticed Grum
 16597 | D:9      | Killed Grum
 17146 | D:9      | Found an iron altar of Okawaru.
 17229 | D:9      | Noticed a guardian serpent
 17250 | D:10     | Entered Level 10 of the Dungeon
 17250 | D:10     | Found a blossoming altar of Fedhas.
 17519 | D:10     | Reached XP level 11. HP: 87/87 MP: 12/23
 17809 | D:10     | Reached *** piety under Kikubaaqudgha
 17809 | D:10     | Received a gift from Kikubaaqudgha
 18144 | D:10     | Found a staircase to the Lair.
 18304 | D:10     | Noticed a two-headed ogre
 18316 | D:10     | Killed a two-headed ogre
 18429 | D:10     | Noticed a red ugly thing
 18435 | D:10     | Killed a red ugly thing
 18956 | D:10     | Reached skill level 11 in Necromancy
 19256 | D:11     | Found Fointeh's Armour Boutique.
 19407 | D:11     | Found a runed translucent gate.
 19407 | D:11     | Found a runed translucent gate.
 19408 | D:11     | Found a runed translucent gate.
 19410 | D:11     | Noticed a 12-headed hydra
 19410 | D:11     | Noticed Consumeair16's ghost (journeyman GnCA)
 19411 | D:11     | Noticed a ten-headed hydra
 19454 | D:11     | Reached **** piety under Kikubaaqudgha
 19615 | D:11     | Found a frozen archway.
 20109 | D:11     | Noticed Snorg
 20325 | D:10     | Learned a level 4 spell: Anguish
 20330 | D:10     | Learned a level 4 spell: Martyr's Knell
 20332 | Lair:1   | Entered Level 1 of the Lair of Beasts
 20550 | Lair:1   | Noticed Gastronok
 20568 | Lair:1   | Killed Gastronok
 20794 | Lair:1   | Reached XP level 12. HP: 85/97 MP: 19/25
 21174 | Lair:1   | Reached skill level 10 in Fighting
 21693 | Lair:2   | Reached skill level 12 in Necromancy
 21944 | Lair:2   | Noticed a seven-headed hydra
 21951 | Lair:2   | You fall into a shaft and drop 1 floor!
 22236 | Lair:3   | Reached skill level 10 in Spellcasting
 22390 | Lair:3   | Reached skill level 10 in Dodging
 22535 | Lair:3   | Reached ***** piety under Kikubaaqudgha
 23634 | Lair:3   | Found a staircase to the Swamp.
 24277 | Lair:2   | Killed a seven-headed hydra
 24278 | Lair:2   | Gained mutation: You are mostly covered in yellow scales.
                  | (AC +3) [demonic ancestry]
 24278 | Lair:2   | Reached XP level 13. HP: 84/106 MP: 18/27
 24418 | Lair:1   | Reached skill level 13 in Necromancy
 24536 | Lair:2   | Found a hole to the Spider Nest.
 27608 | Lair:4   | Reached skill level 1 in Shields
 27906 | Lair:4   | Got the Annotations on Shadows and the Mesa
 28256 | Lair:5   | Entered Level 5 of the Lair of Beasts
 28842 | Lair:5   | Reached skill level 14 in Necromancy
 29652 | Lair:5   | Found a sacrificial altar of Ru.
 29740 | Lair:4   | Reached XP level 14. HP: 116/116 MP: 23/29
 31924 | Lair:5   | Found a staircase to the Slime Pits.
 31925 | Lair:5   | Found a viscous altar of Jiyva.
 31984 | Lair:5   | Reached skill level 5 in Shields
 32344 | D:11     | Killed Snorg
 32631 | D:11     | Your ally Snorg died
 33749 | D:12     | Found a staircase to the Orcish Mines.
 34736 | D:13     | Found Maetec's Magic Scroll Shop.
 34744 | D:13     | Bought a scroll of fear for 48 gold pieces
 34744 | D:13     | Bought a scroll of teleportation for 36 gold pieces
 34744 | D:13     | Bought a scroll of identify for 24 gold pieces
 34774 | D:13     | Reached skill level 1 in Short Blades
 34803 | D:13     | Reached skill level 15 in Necromancy
 35395 | D:13     | Noticed Kirke
 35793 | D:13     | Noticed a fire giant
 36013 | D:13     | Noticed Rupert
 36247 | D:14     | Reached ****** piety under Kikubaaqudgha
 37317 | D:14     | Identified the +5 scale mail of Beogh's Felicitations
                  | {Dex+2}
 37856 | D:14     | Gained mutation: Spells you cast and wands you use may
                  | paralyse nearby enemies. [demonic ancestry]
 37856 | D:14     | Reached XP level 15. HP: 112/123 MP: 17/31
 39603 | D:15     | Entered Level 15 of the Dungeon
 41127 | Abyss:2  | Cast into level 2 of the Abyss (an occultist)
 41377 | Abyss:3  | Found a corrupted altar of Lugonu.
 41381 | Abyss:3  | Noticed a tentacled starspawn
 41394 | Abyss:3  | Found a corrupted altar of Lugonu.
 41396 | Abyss:3  | Noticed a tentacled starspawn
 41464 | Abyss:4  | Noticed a tentacled starspawn
 41477 | Abyss:4  | Killed from afar by a raiju

Illustrated notes

Levels and vault maps discovered:
D:1:      erik_arrival_blinker_ship, layout_loops_cross
D:2:      layout_basic, nicolae_ecumenical_pavilion, basic_altar, uniq_sigmund,
          uniq_natasha
D:3:      layout_loops_corners, ebering_ghost_rock_garden, uniq_terence
D:4:      layout_basic, mainiacjoe_overflow_alcove_2, nicolae_uskayaw_suspiria,
          mainiacjoe_overflow_catch_the_wave, grunt_decor_arrowhead, uniq_robin
D:5:      layout_basic, lemuel_tele_altar, xom_redecorated,
          nicolae_tso_swordbearing_angel, ashenzari_conservatory_becter,
          uniq_duvessa, uniq_pikel, uniq_crazy_yiuf_cottage, uniq_eustachio
D:6:      minmay_goblin_kobold_castle, layout_rooms, minitemple, uniq_maggie,
          uniq_menkaure, uniq_edmund
D:7:      layout_gridville, minmay_temple_entry_mini_moons
D:8:      layout_cave_pools, serial_gnoll_camp, gnoll_camp_mini_hut,
          gnoll_camp_medium_01, gnoll_camp_mini_shop, gnoll_camp_mini_hut,
          mrwooster_statue_mirror, minmay_starry_boxes
D:9:      layout_stronghold, kennysheep_little_box, gammafunk_ghost_arena,
          uniq_grum
D:10:     minmay_distorted_concentric_squares, layout_loops_ring,
          fedhas_altar_1, mainiacjoe_overflow_tiny_flanked,
          hellmonk_lair_entry_icy, minmay_liquid_box,
          minmay_misc_feat_more_columns
D:11:     layout_roguey, portal_ice_cave_entry_pillars_1,
          gammafunk_ghost_hydra_chop, serial_shops, nicolae_stop_n_shop_2,
          uniq_snorg
D:12:     layout_rooms, orc_0_dummy
D:13:     kennysheep_scales, layout_basic,
          hangedman_vaults_entry_quadrant_bands, serial_shops, shop, uniq_kirke,
          uniq_urug, uniq_rupert
D:14:     four-leaf_vault, layout_stronghold
D:15:     hangedman_depths_entry_civil_slaughter, layout_rooms,
          hellmonk_ghost_happy_afterlife, okawaru_trees_2, grunt_ministairs_4
Temple:   nicolae_temple_figure_zero
Lair:1:   layout_gridlike, chequers_serial_rivers_large_b, uniq_gastronok
Lair:2:   layout_big_grid, spider_nest_entry_web_field,
          cheibrodos_lair_lostbears
Lair:3:   layout_chaotic_city, mainiacjoe_swamp_entry_angry_trees,
          lemuel_fruit_fields
Lair:4:   layout_small_grid
Lair:5:   gammafunk_lair_ancient_temple, layout_regular_city, slime_entry_1,
          basic_altar, infiniplex_staircase_pool_2
Abyss:4:  base: D:3, evilmike_abyss_exit_glass, hangedman_abyss_or_decor_passed,
          hangedman_decor_peaks_small

Skill      XL: |  1  2  3  4  5  6  7  8  9 10 11 12 13 14 15 |
---------------+----------------------------------------------+-----
Stealth        | 2 |  2.0
Dodging        | 2 3 4 5 6 8 9 10 11 | 11.0
Fighting       | 1 2 3 4 5 7 8 9 11 12 13 | 13.0
Necromancy     | 5 6 7 9 10 11 12 14 15 | 15.9
Spellcasting   | 3 4 5 6 8 9 10 11 12 13 | 13.2
Shields        | 3 6 7 |  7.4
Short Blades   | 3 4 |  4.9

Action                     |  1- 3 |  4- 6 |  7- 9 | 10-12 | 13-15 || total
---------------------------+-------+-------+-------+-------+-------++-------
  Melee: Dagger            |     6 |       |   176 |       |       ||   182
         Short sword       |     3 |     5 |       |   296 |   522 ||   826
         Punch             |       |       |     6 |     5 |    11 ||    22
         Spear             |       |       |    17 |    68 |       ||    85
   Cast: Necrotise         |    66 |   107 |   129 |   123 |    71 ||   496
         Vampiric Draining |       |    11 |    69 |   176 |   221 ||   477
         Curse of Agony    |       |       |       |    17 |    48 ||    65
         Animate Dead      |       |       |       |     8 |    14 ||    22
  Evoke: Wand              |       |       |     2 |       |     1 ||     3
    Use: Scroll            |       |       |       |    13 |    13 ||    26
         Potion            |       |       |       |       |     2 ||     2
   Stab: Paralysed         |       |     1 |    59 |   123 |   139 ||   322
         Sleeping          |       |       |       |     2 |       ||     2
         Distracted        |       |       |       |     3 |     1 ||     4
 Armour: Robe              |    15 |    14 |     9 |       |       ||    38
         Leather armour    |       |       |   169 |   246 |   386 ||   801
         Scale mail        |       |       |       |       |   184 ||   184
  Dodge: Dodged            |    13 |    18 |   336 |   382 |   734 ||  1483
  Block: Kite shield       |       |       |       |       |    46 ||    46
